AoeStats
← Bandolero

Arabia

508360839Analyzed
4v4 RM · 10d ago on Sep 22, 2026· 20m 23s· 8 players
Game mode
Random Map
Map size
Large (8 player)
Population
200
Speed
Normal
Resources
Standard
Victory
Conquest
Starting age
Dark Age
Ending age
Imperial Age
RankedLock teamsTeams togetherTeam positionsShared explorationLock speedFull tech treeHidden civsTurbo modeCheats
Victory
Defeat
🇻🇳 Japanese · Vietnam
2008
+6
🇻🇳 Bulgarians · Vietnam
1926
+8
🇻🇳 Persians · Vietnam
1833
+10
🇹🇼 Turks · Taiwan
1591
+20
🇨🇳 Bohemians · China
1751
-13
🇲🇽 Inca · Mexico
1740
-12
🇦🇷 Burmese · Argentina
1709
-10
🇨🇳 Muisca · China
1685
-9
Cawi
10:30 Feudal Age
9:49 Loom
16:53 Castle Age
16:15 Double-Bit Axe
16:11 Horse Collar
Bandolero
6:59 Loom
9:38 Feudal Age
DKDFCD
5:29 Loom
9:17 Feudal Age
9:49 Double-Bit Axe
14:10 Fletching
16:26 Horse Collar
17:45 Padded Archer Armor
摸鱼种田
6:34 Loom
8:52 Feudal Age
9:53 Double-Bit Axe
13:53 Champi Runner
ĐLucky
6:37 Loom
8:55 Feudal Age
13:59 Fletching
15:57 Double-Bit Axe
19:04 Wheelbarrow
18:54 Horse Collar
22:20 Castle Age
20:29 Gold Mining
鼠條
6:06 Loom
8:44 Feudal Age
9:44 Double-Bit Axe
17:25 Wheelbarrow
20:16 Castle Age
18:10 Horse Collar
19:04 Bloodlines
19:31 Scale Barding Armor
ÐàLat«Gô°Kµ»
6:01 Loom
9:03 Feudal Age
9:39 Double-Bit Axe
12:39 Fletching
21:26 Castle Age
19:14 Horse Collar
20:05 Gold Mining
20:28 Padded Archer Armor
DL-ĐệNhị
5:44 Loom
6:24 Loom
8:36 Feudal Age
9:11 Double-Bit Axe
19:32 Castle Age
17:32 Horse Collar
18:52 Bloodlines
20:19 Scale Barding Armor
Connection lost

Rejoining the realm…

Still unreachable

The connection could not be restored.

Session expired

The server has moved on; the page needs a fresh start.